 Dungeon Crawl Stone Soup version 0.27.0-1-g7a089689b8 (webtiles) character file.

Game seed: 16451622184634258542

49 canonizer the Skirmisher (level 3, 0/24 HPs)
             Began as a Gargoyle Berserker on Aug 12, 2021.
             Was a Believer of Trog.
             Slain by Sigmund (2 damage)
             ... on level 2 of the Dungeon.
             The game lasted 00:01:50 (998 turns).

canonizer the Skirmisher (Gargoyle Berserker)        Turns: 998, Time: 00:01:50

Health: 0/24       AC:  5    Str: 21    XL:     3   Next: 75%
Magic:  3/3        EV: 12    Int:  7    God:    Trog [**....]
Gold:   44         SH:  0    Dex:  9    Spells: 2/2 levels left

rFire    . . .     SeeInvis .   a - +0 hand axe
rCold    . . .     Faith    .   (no shield)
rNeg     + . .     Spirit   .   b - +0 animal skin
rPois    ∞         Reflect  .   (no helmet)
rElec    +         Harm     .   (no cloak)
rCorr    .         Rampage  .   (no gloves)
Will     .....                  (no boots)
Stlth    +.........             (no amulet)
HPRegen  0.08/turn              (no ring)
MPRegen  0.08/turn              (no ring)

@: on berserk cooldown, slowed, very slow
A: sickness immunity, AC +3, negative energy resistance 1, electricity
resistance, torment resistance 1, petrification resistance
a: Renounce Religion, Berserk, Trog's Hand


You were on level 2 of the Dungeon.
You worshipped Trog.
Trog was pleased with you.
You visited 1 branch of the dungeon, and saw 2 of its levels.

You collected 44 gold pieces.

Inventory:

Hand Weapons
 a - a +0 hand axe (weapon)
Armour
 b - a +0 animal skin (worn)
Scrolls
 c - a scroll of noise
 d - a scroll of identify


   Skills:
 + Level 3.7 Fighting
 + Level 3.4 Axes
 + Level 2.6 Armour
 + Level 1.9 Dodging
 + Level 0.2 Stealth


You had 2 spell levels left.
You didn't know any spells.
Your spell library was empty.

Dungeon Overview and Level Annotations

Branches:
Dungeon (2/15)

Altars:

Shops:
D:1 *

Annotations:
D:2 Sigmund


Innate Abilities, Weirdness & Mutations

You are immune to sickness and miasma.
Your stone body is resilient. (AC +3)
You are immune to poison.
You resist negative energy. (rN+)
You are resistant to electric shocks. (rElec)
You are resistant to unholy torment.
You are immune to petrification.


Message History

You start resting.
You feel your anger nearly subside.
You are no longer berserk.
You are exhausted.
You feel yourself slow down.
You start resting.
HP restored.
You see here the felid corpse of Natasha.
Sigmund the Dreaded comes into view.
He is wielding a +2 scythe of flaming.
Sigmund is nearby!
Sigmund shouts!
Sigmund hits you but does no damage. Sigmund gestures at you while chanting.
The magic dart hits you!
You're still recovering from your berserk rage.
You hit Sigmund but do no damage. Sigmund misses you.
A bat comes into view.
Sigmund hits you with a +2 scythe of flaming!
Sigmund burns you.
* * * LOW HITPOINT WARNING * * *
The bat moves out of view.
You closely miss Sigmund. Sigmund casts a spell at you.
You resist with significant effort.
Sigmund hits you with a +2 scythe of flaming.
* * * LOW HITPOINT WARNING * * *
Sigmund burns you.
* * * LOW HITPOINT WARNING * * *
Drop what? 4/52 slots (_ for help) (? for menu, Esc to quit)
Okay, then.
As you read the scroll labelled AMUUDY QUVU, it crumbles to dust.
You hear a loud clanging noise!
It was a scroll of noise.
You hear a shout!
You hear an angry hiss.
Sigmund screams, "Don't try to resist!"
Sigmund barely misses you.
As you read the scroll labelled XEJUX UGOMA, it crumbles to dust.
It is a scroll of identify.
You don't have any unidentified items.
Sigmund hits you with a +2 scythe of flaming.
You die...

..<###.########
.....<........#
...###.######.#
...# #.# #.# .###
#.# #.# . #.# #.#
#.# #†#
..######.#######.##
###........@@b....#
#.####.####.###..
#.# .. #.. ... ###
..# .# #


You could see Sigmund and a bat.

Vanquished Creatures
  Natasha (D:2)
  2 dart slugs
  2 endoplasms
  A giant cockroach (D:1)
  A hobgoblin (D:2)
  3 jackals (D:1)
  2 ball pythons
  3 bats (D:1)
  A frilled lizard (D:1)
  5 rats (D:1)
21 creatures vanquished.

Notes
Turn   | Place    | Note
-------+----------+-------------------------------------------
     0 | D:1      | canonizer the Gargoyle Berserker began the quest for the
                  | Orb.
     0 | D:1      | Reached XP level 1. HP: 14/14 MP: 1/1
    46 | D:1      | Reached XP level 2. HP: 13/19 MP: 2/2
   326 | D:1      | Found Leoruxzi's General Store.
   883 | D:2      | Reached ** piety under Trog
   884 | D:2      | Reached XP level 3. HP: 18/23 MP: 3/3
   958 | D:2      | Noticed Natasha
   968 | D:2      | Killed Natasha
   991 | D:2      | Noticed Sigmund
   996 | D:2      | HP: 1/24 [Sigmund (2)]
   998 | D:2      | Slain by Sigmund

Illustrated notes

Levels and vault maps discovered:
D:1:      saegor_arrival_simple_e, layout_basic, serial_shops, shop
D:2:      layout_loops_ring, basic_altar, uniq_sigmund, uniq_natasha

Skill      XL: |  1  2 |
---------------+-------+-----
Axes           | 3 |  3.4
Fighting       | |  3.7
Armour         | |  2.6
Dodging        | |  1.9
Stealth        | |  0.2

Action                   || total
-------------------------++-------
Melee: Hand axe          ||    54
Invok: Berserk           ||     2
  Use: Scroll            ||     2
Armor: Animal skin       ||    24
Dodge: Dodged            ||    38
